Match 29014698
Unlisted

Match 29014698
End
Selects Australian Defense Battlegroup
Selects Australian Light Infantry Section
Australian Light Infantry Section
Vickers Machine Gun Team
Construct Section Command Post
Dingo Light Scout Car
Australian Light Infantry Section
Australian Light Infantry Section
Selects 2-pounder Anti-tank Gun Team
2-pounder Anti-tank Gun Team
Selects CMP 15cwt Supply Run
Construct Platoon Command Post
Humber Armored Car
Humber Armored Car
Light Vehicle Training
Royal Engineer Section
Selects Vehicle Over Repair
赵天天001
桂妮薇尔
banstyle
HulkSMASH
0
0

Comments sign in to comment!

No comments posted yet!